 Dungeon Sprint DCSS version 0.21-a0-404-g291f19a (webtiles) character file.

536 pipel the Spear-Bearer (level 7, -21/103 (105) HPs)
             Began as a Naga Warper on Oct 26, 2017.
             Was a Priest of Sif Muna.
             Demolished by a death yak (26 damage)
             ... in the Dungeon (Sprint VII: "The Pits").
             The game lasted 00:04:31 (1094 turns).

pipel the Spear-Bearer (Naga Warper)                Turns: 1094, Time: 00:04:32

HP:   -21/103 (105) AC:  4    Str: 19    XL:     7   Next: 25%
MP:   1/15          EV: 11    Int: 13    God:    Sif Muna [***...]
Gold: 0             SH:  0    Dex: 12    Spells: 7/17 levels left

rFire    . . .     SeeInvis +   a - +1 trident (pierce)
rCold    . . .     Gourm    .   (no shield)
rNeg     . . .     Faith    .   b - +0 leather armour
rPois    +         Spirit   .   (no helmet)
rElec    .         Reflect  .   (no cloak)
rCorr    .         Harm     .   (no gloves)
MR       .....     NoTele   +   (no barding)
Stlth    ..........             (no amulet)
HPRegen  0.27/turn              (no ring)
MPRegen  0.14/turn              (no ring)

@: berserking, very slightly contaminated, quick
A: see invisible, deformed body, poison resistance, slowness 2, slow metabolism
1, spit poison 1, AC +2
a: Spit Poison, Divine Energy, Channel Magic, Renounce Religion


You were in the Dungeon.
You worshipped Sif Muna.
Sif Muna was most pleased with you.
You were not hungry.

You visited 1 branch

Inventory:

Hand Weapons
 a - a +1 trident of piercing (weapon)
 l - a +0 spear
 v - a +2 trident
Missiles
 e - 5 tomahawks of dispersal (quivered)
 n - 10 stones
Armour
 b - a +0 leather armour (worn)
Magical Staves
 o - an uncursed staff of energy
Scrolls
 d - 2 scrolls of blinking
 p - 3 scrolls of remove curse
 q - 5 scrolls of amnesia
 r - a scroll of summoning
 u - 2 scrolls of vulnerability
Potions
 g - 5 potions of curing
 h - 4 potions of heal wounds
 i - a potion of haste
 j - 4 potions of magic
 k - a potion of berserk rage
 m - 2 potions of invisibility
Books
 c - a book of Spatial Translocations

   Spells                             Type                      Level
   a - Blink                          Translocation                2
   b - Shroud of Golubria             Charms/Translocation         2
   c - Lesser Beckoning               Translocation                3
   d - Gell's Gravitas                Translocation                3
   e - Teleport Other                 Translocation                3
   f - Passage of Golubria            Translocation                4
Comestibles
 f - 8 bread rations
 s - 40 fruits
 t - 7 meat rations


   Skills:
 + Level 6.6 Fighting
 + Level 9.4 Polearms
 + Level 1.6 Throwing
 + Level 4.1 Armour
 + Level 4.7 Dodging
 + Level 5.9 Spellcasting
 + Level 1.6 Charms
 + Level 3.5 Translocations


You had 7 spell levels left.
You knew the following spells:

 Your Spells              Type           Power        Failure   Level  Hunger
a - Teleport Other        Tloc           ##......     14%         3    ###....
b - Blink                 Tloc           N/A          7%          2    ##.....
c - Shroud of Golubria    Chrm/Tloc      ##........   10%         2    ##.....
d - Gell's Gravitas       Tloc           ##........   14%         3    ###....


Dungeon Overview and Level Annotations

Branches:
Dungeon (1/1)

Altars:
Ashenzari
Cheibriados
Dithmenos
Elyvilon
Fedhas
Gozag
Hepliaklqana
Kikubaaqudgha
Makhleb
Nemelex Xobeh
Okawaru
Qazlal
Ru
Sif Muna
Trog
Uskayaw
Vehumet
Wu Jian
Xom
Yredelemnul
Zin
The Shining One
Beogh
Jiyva
Lugonu


Innate Abilities, Weirdness & Mutations

You cannot wear boots.
Your serpentine skin is tough. (AC +2)
You have supernaturally acute eyesight. (SInv)
Armour fits poorly on your strangely shaped body.
Your system is resistant to poisons. (rPois)
You cover ground very slowly.
You have a slow metabolism.
You can spit poison.


Message History

The death yak is lightly wounded.
The death yak gores you.
You hit the death yak but do no damage.
The death yak is lightly wounded.
A red film seems to cover your vision as you go berserk!
You feel yourself moving faster!
You feel mighty! The death yak gores you!
* * * LOW HITPOINT WARNING * * *
You barely miss the death yak.
The death yak is lightly wounded.
The death yak gores you!!
* * * LOW HITPOINT WARNING * * *
You puncture the death yak!
The death yak is heavily wounded.
The death yak barely misses you.
You hit the death yak.
The death yak is heavily wounded.
You puncture the death yak!
The death yak is severely wounded.
The death yak gores you!!
You die...

#'#####'#####.....
#.#..#...'.##.....
#.#..#...#.#####'#
#.#..#####)##.....
#.#..'...#)##.....
#.#..'...'.##.....
#.#..########...<.
#.#..'.).)[##.....
#@#..#.)))[##.....
#Y###########.....
#..#.#.## ######
#.......#
##.#.#.##
#.......#+#
##.#.#.##.+
#.......#'#
##.#.#.)'.#


You could see a death yak.

Vanquished Creatures
  A floating eye (D)
  A necrophage (D)
  An ogre (D)
  A bullfrog (D)
  A gnoll sergeant (D)
  A scorpion (D)
  A hound (D)
  6 gnolls (D)
  A leopard gecko (D)
  2 bat skeletons (D)
  7 jackals (D)
  A quokka (D)
  A ball python zombie (D)
  A rat (D)
26 creatures vanquished.

Notes
Turn   | Place    | Note
-------+----------+-------------------------------------------
     0 | D        | pipel the Naga Warper began the quest for the Orb.
     0 | D        | Reached XP level 1. HP: 19/19 MP: 3/3
     8 | D        | Noticed a floating eye
    10 | D        | Paralysed by a floating eye for 4 turns
    18 | D        | Paralysed by a floating eye for 4 turns
    22 | D        | Killed a floating eye
    22 | D        | Reached skill level 5 in Polearms
    22 | D        | Reached skill level 1 in Throwing
    22 | D        | Reached skill level 1 in Armour
    22 | D        | Reached XP level 2. HP: 31/31 MP: 3/7
    22 | D        | Reached XP level 3. HP: 37/37 MP: 3/9
    22 | D        | Reached XP level 4. HP: 45/45 MP: 3/10
    53 | D        | Found a glowing golden altar of the Shining One.
    53 | D        | Found a glowing silver altar of Zin.
    53 | D        | Found a basalt altar of Yredelemnul.
    53 | D        | Found a shimmering altar of Xom.
    53 | D        | Found an ornate altar of the Wu Jian Council.
    53 | D        | Found a bloodstained altar of Trog.
    53 | D        | Found a deep blue altar of Sif Muna.
    53 | D        | Found a sacrificial altar of Ru.
    53 | D        | Found a stormy altar of Qazlal.
    53 | D        | Found an iron altar of Okawaru.
    53 | D        | Found a sparkling altar of Nemelex Xobeh.
    53 | D        | Found a burning altar of Makhleb.
    53 | D        | Found a viscous altar of Jiyva.
    53 | D        | Found a hazy altar of Hepliaklqana.
    53 | D        | Found an opulent altar of Gozag.
    53 | D        | Found a blossoming altar of Fedhas.
    53 | D        | Found a white marble altar of Elyvilon.
    53 | D        | Found a shadowy altar of Dithmenos.
    53 | D        | Found a snail-covered altar of Cheibriados.
    54 | D        | Found a radiant altar of Vehumet.
    54 | D        | Found a corrupted altar of Lugonu.
    54 | D        | Found a roughly hewn altar of Beogh.
    55 | D        | Found an ancient bone altar of Kikubaaqudgha.
    55 | D        | Found a hide-covered altar of Uskayaw.
    55 | D        | Found a shattered altar of Ashenzari.
    56 | D        | Became a worshipper of Sif Muna the Loreminder
   153 | D        | Reached * piety under Sif Muna
   207 | D        | Noticed a gnoll sergeant
   217 | D        | Reached skill level 5 in Spellcasting
   217 | D        | Reached XP level 5. HP: 49/51 MP: 10/12
   232 | D        | Reached skill level 5 in Fighting
   232 | D        | Reached skill level 6 in Polearms
   239 | D        | Reached ** piety under Sif Muna
   240 | D        | Reached skill level 7 in Polearms
   245 | D        | Reached XP level 6. HP: 16/61 MP: 12/14
   254 | D        | Learned a level 3 spell: Teleport Other
   257 | D        | Learned a level 2 spell: Shroud of Golubria
   260 | D        | Learned a level 2 spell: Blink
   532 | D        | Noticed a necrophage
   565 | D        | Reached skill level 8 in Polearms
   577 | D        | Killed a necrophage
   577 | D        | Reached skill level 1 in Charms
   590 | D        | Reached skill level 9 in Polearms
   590 | D        | Reached XP level 7. HP: 16/69 MP: 10/15
   989 | D        | Learned a level 3 spell: Gell's Gravitas
   995 | D        | Reached *** piety under Sif Muna
  1064 | D        | Noticed a death yak
  1091 | D        | HP: 5/103 [death yak (24)]
  1094 | D        | Demolished by a death yak

Vault maps used:
D:        pitsprint

Skill      XL: |  1  2  3  4  5  6  7 |
---------------+----------------------+-----
Fighting       | 4 5 6 |  6.6
Polearms       | 5 7 9 |  9.4
Throwing       | 1 |  1.6
Armour         | 1 2 3 4 |  4.1
Dodging        | 3 4 |  4.7
Spellcasting   | 4 5 |  5.9
Charms         | 1 |  1.6
Translocations | |  3.5

Action                   |  1- 3 |  4- 6 |  7- 9 || total
-------------------------+-------+-------+-------++-------
Melee: Spear             |     8 |       |       ||     8
       Trident           |       |    98 |    19 ||   117
 Cast: Shroud of Golubri |       |     3 |     2 ||     5
       Blink             |       |       |     6 ||     6
 Abil: Spit Poison       |       |     3 |     2 ||     5
  Use: Potion            |       |     4 |     1 ||     5
Armor: Leather armour    |       |    24 |       ||    24
Dodge: Dodged            |       |    55 |     5 ||    60

Table legend:
 A = Spawn XP
 B = Non-spawn XP
 C = Spawn XP percentage of total XP
 D = Spawn monster count
 E = Non-spawn monster count
 F = Spawn count percentage of total count
 G = Total turns spent on level
                    A         B        C        D         E        F      G
               +---------+---------+-------+---------+---------+-------+---------
         Total |       0 |     767 |   0.0 |       0 |      26 |   0.0 |  1094
               +---------+---------+-------+---------+---------+-------+---------
             D |       0 |     767 |   0.0 |       0 |      26 |   0.0 |  1094
               +---------+---------+-------+---------+---------+-------+---------
